 Dungeon Crawl Stone Soup version 0.30-a0-297-g0ec75d9ef4 (webtiles) character file.

Game seed: 6299449646771070372

17 GabrielManson the Cudgeller (level 3, 30/31 HPs)
             Began as a Meteoran Cinder Acolyte on Oct 18, 2022.
             Was a High Priest of Ignis.
             Quit the game on level 1 of the Dungeon on Nov 15, 2022.
             The game lasted 00:03:49 (280 turns).

GabrielManson the Cudgeller (MeCA)                   Turns: 280, Time: 00:03:49

Health: 30/31      AC:  3    Str: 18    XL:     3   Next: 2%
Magic:  6/6        EV: 11    Int: 15    God:    Ignis [*****.]
Gold:   13         SH:  5    Dex:  9    Spells: 4/4 levels left

rFire   + . .      SeeInvis .    a - -1 mace (flame)
rCold   . . .      Faith    .    (no shield)
rNeg    . . .      Spirit   .    b - +0 robe
rPois   .          Reflect  +    c - +0 helmet
rElec   .          Harm     .    (no cloak)
rCorr   .          Rampage  .    (no gloves)
Will    .....                    (no boots)
Stlth   +.........               e - amulet of reflection
HPRegen 0.25/turn                (no ring)
MPRegen 0.10/turn                (no ring)

@: glowing
A: sense surroundings 1, otherworldly, glowing, explore regen
a: Renounce Religion, Fiery Armour, Foxfire Swarm, Rising Flame


You were on level 1 of the Dungeon.
You worshipped Ignis.
Ignis was extremely pleased with you.
You visited 1 branch of the dungeon, and saw 1 of its levels.

You collected 13 gold pieces.

Inventory:

Hand Weapons
 a - a -1 mace of flaming (weapon)
Armour
 b - a +0 robe (worn)
 c - a +0 helmet (worn)
Jewellery
 e - an amulet of reflection (around neck)
Scrolls
 d - 2 scrolls of teleportation {unknown}
 f - a scroll of torment {unknown}


   Skills:
 + Level 3.5 Fighting
 + Level 4.2 Maces & Flails
 * Level 1.3 Armour
 * Level 1.2 Dodging
 - Level 1.3 Spellcasting
 - Level 3.6 Fire Magic


You had 4 spell levels left.
You didn't know any spells.
Your spell library contained the following spells:

 Spells                   Type           Power      Damage    Failure   Level
 Scorch                   Fire           22%        2d6       9%          2
 Chain Lightning          Conj/Air       0%         2d1       100%        9
 Fire Storm               Conj/Fire      3%         8d1       100%        9
 Shatter                  Erth           0%         3d5*      100%        9


Dungeon Overview and Level Annotations

Branches:
Dungeon (1/15) Zot: 309

Altars:


Innate Abilities, Weirdness & Mutations

You passively map a small area around you.
You are easily found by Zot.
You glow in the dark.
You regain HP and MP as you explore.


Message History

You miss the frilled lizard. The frilled lizard misses you.
You closely miss the frilled lizard. The frilled lizard barely misses you.
You hit the frilled lizard. You burn the frilled lizard.
You kill the frilled lizard!
The endoplasm jiggles.
You hit the endoplasm. You burn the endoplasm.
The endoplasm is severely wounded.
The endoplasm closely misses you.
You thump the endoplasm! You burn the endoplasm.
You kill the endoplasm!
Things that are here:
a frilled lizard corpse; a rat corpse; a jackal corpse You now have 13 gold pieces (gained 10).
HP restored.
You pick up a book of Annihilations and begin reading...
You add the spells Chain Lightning, Fire Storm and Shatter to your library.
A ball python comes into view.
The ball python hisses angrily.
The ball python bites you. The ball python grabs you.
The ball python constricts you.
You hit the ball python. You burn the ball python.
You kill the ball python!
You see here a ball python corpse.
f - a scroll labelled FOIS UPROUHIWE You see here a ball python corpse.
A hobgoblin comes into view.
The hobgoblin shouts!
The hobgoblin hits you.
You hit the hobgoblin. You burn the hobgoblin.
You kill the hobgoblin!
You have reached level 3!
Your experience leads to an increase in your attributes!
Increase (S)trength, (I)ntelligence, or (D)exterity?
You feel stronger. x3
Saving game... please wait.
Welcome back, GabrielManson the Meteoran Cinder Acolyte.
The flames of Ignis gently warm you.
Press ? for a list of commands and other information.
Unknown command.
Are you sure you want to abandon this character and quit the game? (Confirm with "yes".)

*
###############
,
.......@...†..#
*
#############.#
,, ,,, ,, #.# ,
, * #.# ,,*
,#.# ,,, ,#.# *
, #.# , , #.#
*,,,, * #.#


There were no monsters in sight!

Vanquished Creatures
  2 ball pythons (D:1)
  2 bats (D:1)
  3 endoplasms (D:1)
  A giant cockroach (D:1)
  2 hobgoblins (D:1)
  2 jackals (D:1)
  2 frilled lizards (D:1)
  A rat (D:1)
15 creatures vanquished.

Notes
Turn   | Place    | Note
-------+----------+-------------------------------------------
     0 | D:1      | GabrielManson the Meteoran Cinder Acolyte began the quest
                  | for the Orb.
     0 | D:1      | Reached XP level 1. HP: 19/19 MP: 3/3
   128 | D:1      | Reached XP level 2. HP: 17/26 MP: 5/5
   133 | D:1      | Reached skill level 1 in Armour
   133 | D:1      | Reached skill level 1 in Dodging
   280 | D:1      | Reached XP level 3. HP: 30/31 MP: 6/6
   280 | D:1      | Quit the game

Illustrated notes

Levels and vault maps discovered:
D:1:      minmay_arrival_up_and_down, layout_basic

Skill      XL: |  1  2 |
---------------+-------+-----
Armour         | 1 |  1.3
Dodging        | 1 |  1.2
Fighting       | |  3.5
Maces & Flails | |  4.2
Spellcasting   | |  1.3
Fire Magic     | |  3.6

Action                   || total
-------------------------++-------
Melee: Mace              ||    53
       Punch             ||     1
Armor: Robe              ||    27
Dodge: Dodged            ||    38
Block: Other             ||     9

Table legend: (Time is in decaauts)
 A = Elapsed time spent in this place.
 B = Non-inter-level travel time spent in this place.
 C = Inter-level travel time spent in this place.
 D = Time resting spent in this place.
 E = Time spent auto-exploring this place.
 F = Levels seen in this place.
 G = Mean time per level.
                   A        B        C        D        E       F      G
               +--------+--------+--------+--------+--------+-----+--------+
         Total |    290 |    290 |      0 |      0 |    154 |   1 |  290.0 |
       Dungeon |    290 |    290 |      0 |      0 |    154 |   1 |  290.0 |
               +--------+--------+--------+--------+--------+-----+--------+

Top non-repeatable levels by time:
     D:1: 290 daAuts
